 Dungeon Crawl Stone Soup version 0.25.1-2-g60ff931df9 (webtiles) character file.

Game seed: 4539715009569318927

241 hawla the Chopper (level 6, 0/55 HPs)
             Began as a Hill Orc Monk on Oct 26, 2020.
             Slain by a worker ant (5 damage)
             ... on level 4 of the Dungeon.
             The game lasted 00:07:34 (3542 turns).

hawla the Chopper (Hill Orc Monk)                   Turns: 3542, Time: 00:07:35

Health: 0/55       AC:  3    Str: 16    XL:     6   Next: 8%
Magic:  6/6        EV: 13    Int: 10    God:
Gold:   124        SH:  0    Dex: 13    Spells: 5/5 levels left

rFire    + + +     SeeInvis .   q - +2 short sword of Makhleb's Favour {pain, Fragile rF+++ rN++} (curse)
rCold    . . .     Gourm    .   (no shield)
rNeg     + + .     Faith    .   b - +0 robe
rPois    .         Spirit   .   e - +0 helmet
rElec    .         Reflect  .   (no cloak)
rCorr    .         Harm     .   (no gloves)
MR       .....                  (no boots)
Stlth    ++........             (no amulet)
HPRegen  0.18/turn              (no ring)
MPRegen  0.10/turn              (no ring)

@: lethally poisoned (0 -> -9)
A: no striking features
a: no special abilities


You were on level 4 of the Dungeon.
You were hungry.

You visited 1 branch of the dungeon, and saw 4 of its levels.

You collected 124 gold pieces.

Inventory:

Hand Weapons
 a - a +1 hand axe
 g - a +1 mace of holy wrath
 q - the cursed +2 short sword of Makhleb's Favour (weapon) {pain, Fragile rF+++ rN++}
   (You found it on level 4 of the Dungeon)

   In the hands of one skilled in necromantic magic, it inflicts extra damage on
   living creatures.
   It renders you almost immune to fire.
   It greatly protects you from negative energy.
   It will be destroyed if unequipped.
   It has a curse placed upon it.
Missiles
 f - 4 boomerangs (quivered)
Armour
 b - a +0 robe (worn)
 e - a +0 helmet (worn)
Wands
 j - a wand of iceblast (18)
Scrolls
 d - 3 scrolls of teleportation
 i - a scroll of identify
 k - a scroll of noise {unknown}
 l - a scroll of magic mapping
 m - 2 scrolls of remove curse
 n - a scroll of amnesia
 p - 2 scrolls of enchant weapon
Potions
 o - a potion of mutation
 r - a potion of berserk rage {unknown}
Comestibles
 c - 6 rations
 s - 2 chunks of flesh


   Skills:
 + Level 4.8 Fighting
 + Level 0.1 Short Blades
 + Level 6.3(6.4) Axes
 + Level 1.0(3.4) Maces & Flails
 + Level 3.2 Dodging
 + Level 2.3 Stealth


You had 5 spell levels left.
You didn't know any spells.
Your spell library was empty.

Dungeon Overview and Level Annotations

Branches:
Dungeon (4/15)
 Temple: D:4-7

Altars:

Annotations:
D:4 Edmund, Pikel


Message History

You feel sick. The worker ant misses you.
You barely miss the worker ant.
The worker ant is almost dead.
* * * LOW HITPOINT WARNING * * *
You feel sick. The worker ant barely misses you. x2
You closely miss the worker ant.
The worker ant is almost dead.
* * * LOW HITPOINT WARNING * * *
You feel sick. The worker ant closely misses you.
You closely miss the worker ant.
The worker ant is almost dead.
* * * LOW HITPOINT WARNING * * *
You feel sick.
The slave shouts!
You hear a shout! x2
The worker ant completely misses you.
You closely miss the worker ant.
The worker ant is almost dead.
* * * LOW HITPOINT WARNING * * *
You feel sick. The worker ant bites you.
You die...

,,,,*,,****#p...##...##.#.##.#..#
,,,,*,,#####.!o.##..#)##.#.##.(#.
,,,,*,,#.....@o..#.#.#.##.#.##..#
,,,,,,,#.###...###.##.#.##.#.##..
,,,,*,,,,#....@pp..###.#.##.#.#.#
,,,,*,,*,#.#####K#.# ##.#.##.#.#.
,,,,*,,*,#.***,#o#.#**##.#.##.#.#
,,,,,,,,,.,,,,,#a#..,,,##.#.##,##
,,,,**,*.#,***,#@#...,,,##.#.###.
,,,,*,,#.*,* *,#.#....,,*##.#.#.#
,,,,*,**,*,* *,#.####..,*,##.#.#.
,,,,*,**,*,* *,#..,,,...*,*##.#.#
***,*,**,*,* *,###***,,**,**##.##
*,*,**,*,* *,* *,,,,,**,,,,###
*,*,**,*,* *,* *,**,***,**,****
*,*,**,*,* *,* *,**,* *,*,,,,,,
*,*,,,,*,* *,* *,**,* *,*,,****


You could see Pikel, 2 slaves, a worker ant and an orc.

Vanquished Creatures
  A hound (D:4)
  A bullfrog skeleton (D:3)
  Terence (D:2)
  Natasha (D:2)
  Robin (D:2)
  3 adders
  An ooze (D:3)
  An adder skeleton (D:4)
  A worm (D:4)
  2 dart slugs
  3 leopard geckos
  7 orcs
  4 bats
  2 giant cockroaches
  16 goblins
  6 hobgoblins
  5 jackals (D:3)
  6 kobolds
  3 frilled lizards
  A quokka skeleton (D:4)
  6 rats
72 creatures vanquished.

Notes
Turn   | Place    | Note
-------+----------+-------------------------------------------
     0 | D:1      | hawla the Hill Orc Monk began the quest for the Orb.
     0 | D:1      | Reached XP level 1. HP: 19/19 MP: 1/1
   145 | D:1      | Reached XP level 2. HP: 22/27 MP: 2/2
   655 | D:1      | HP: 1/27 [hobgoblin (5)]
  1041 | D:1      | Reached XP level 3. HP: 30/33 MP: 3/3
  1111 | D:2      | Noticed Robin
  1122 | D:2      | Killed Robin
  1366 | D:2      | Noticed Terence
  1373 | D:2      | Reached skill level 5 in Axes
  1394 | D:2      | Killed Terence
  1394 | D:2      | Reached XP level 4. HP: 8/41 MP: 4/4
  1909 | D:2      | Noticed Natasha
  1917 | D:2      | Killed Natasha
  2286 | D:3      | Reached XP level 5. HP: 42/47 MP: 5/5
  2564 | D:3      | Reached skill level 6 in Axes
  2933 | D:3      | Reached skill level 1 in Maces & Flails
  3159 | D:4      | Reached XP level 6. HP: 35/55 MP: 6/6
  3162 | D:4      | Got a pitted short sword
  3162 | D:4      | Identified the cursed +2 short sword of Makhleb's Favour
                  | {pain, Fragile rF+++ rN++} (You found it on level 4 of the
                  | Dungeon)
  3513 | D:4      | Noticed Pikel
  3516 | D:4      | Noticed a slave
  3516 | D:4      | Noticed a slave
  3517 | D:4      | Noticed a slave
  3517 | D:4      | Noticed Edmund
  3519 | D:4      | Noticed a slave
  3542 | D:4      | Slain by a worker ant

Illustrated notes

Levels and vault maps discovered:
D:1:      lightli_arrival_statue_moat, layout_rooms
D:2:      layout_loops_ring, minivault_11, st_stairs_1, uniq_natasha,
          uniq_robin, uniq_terence
D:3:      layout_rooms, first_ration
D:4:      minmay_inner_zag, layout_basic, uniq_pikel, uniq_edmund

Skill      XL: |  1  2  3  4  5 |
---------------+----------------+-----
Fighting       | 4 |  4.8
Axes           | 5 6 |  6.3
Stealth        | 2 |  2.3
Dodging        | 3 |  3.2
Maces & Flails | 1 |  1.0
Short Blades   | |  0.1

Action                   |  1- 3 |  4- 6 || total
-------------------------+-------+-------++-------
Melee: Hand axe          |    96 |   129 ||   225
       Mace              |       |     4 ||     4
       Short sword       |       |    31 ||    31
  Use: Potion            |     3 |     1 ||     4
       Scroll            |     1 |     6 ||     7
 Stab: Sleeping          |       |     2 ||     2
  Eat: Chunk             |     1 |     7 ||     8
Armor: Robe              |    14 |    32 ||    46
       Skin              |     7 |       ||     7
Dodge: Dodged            |    57 |   118 ||   175
